 Dungeon Crawl Stone Soup version 0.14-a0-1974-gdb6e453 (webtiles) character file.

6479 Deemzul the Martial Artist (level 10, -8/74 HPs)
             Began as an Octopode Monk on Jan 17, 2014.
             Was an Elder of Okawaru.
             Mangled by a four-headed hydra (13 damage)
             ... on Level 1 of the Lair of Beasts.
             The game lasted 00:37:20 (10729 turns).

Deemzul the Martial Artist (Octopode Monk)         Turns: 10729, Time: 00:37:20

HP  -8/74        AC  2     Str 10      XL: 10   Next: 82%
MP   0/10        EV 18     Int 17      God: Okawaru [****..]
Gold 584         SH  0     Dex 17      Spells:  0 memorised,  9 levels left

rFire  . . .     SeeInvis .       - Unarmed
rCold  . . .     Clarity  .     (no shield)
rNeg   + . .     Conserve .     (helmet restricted)
rPois  .         rCorr    .     r - amulet of guardian spirit
rElec  .         rRot     .     w - ring of positive energy {unknown}
SustAb . .       Spirit   +     (no ring)
rMut   .         Warding  .     (no ring)
Saprov . . .     Stasis   .     (no ring)
MR     .....                    (no ring)
                                (no ring)
                                (no ring)
                                (no ring)

@: brilliant, heroism, not resistant to hostile enchantments, extraordinarily
stealthy
A: almost no armour, amphibious, 8 rings, constrict 8, rugged brown scales 1,
camouflage 1, blurry vision 1, clumsy 1, gelatinous body 1
a: Heroism, Renounce Religion


You were on level 1 of the Lair of Beasts.
You worshipped Okawaru.
Okawaru was greatly pleased with you.
You were not hungry.

You visited 3 branches of the dungeon, and saw 13 of its levels.

You collected 584 gold pieces.

Inventory:

Hand weapons
 D - a +0,+0 spear
Missiles
 m - 6 tomahawks
 B - 16 bolts
 E - 22 stones
 G - 21 darts (quivered)
 L - 7 curare-tipped needles
Magical devices
 y - a wand of confusion (12)
Comestibles
 b - 12 bread rations
 f - 5 meat rations
 j - an apricot
 k - 2 pears
 q - 5 chokos
 u - a lychee
 x - 4 apples
 A - 2 chunks of giant frog flesh
 J - a lemon
 N - a chunk of bat flesh
Scrolls
 e - 3 scrolls of enchant weapon I
 g - a scroll of magic mapping {unknown}
 h - a scroll of curse jewellery
 l - 2 scrolls of amnesia
 o - 8 scrolls of remove curse {unknown}
 t - 2 scrolls of fog
 z - a scroll of curse armour {unknown}
 F - a scroll of immolation
 H - 4 scrolls of identify
Jewellery
 i - an uncursed amulet of warding {unknown}
 r - an amulet of guardian spirit (around mantle)
 w - a ring of positive energy (left tentacle) {unknown}
Potions
 a - a potion of heal wounds
 c - a potion of curing
 d - a potion of degeneration
 p - 2 potions of brilliance
 s - 2 potions of restore abilities
 C - 2 potions of agility {unknown}
 M - a potion of flight
Books
 n - a book of Party Tricks

   Spells                             Type                      Level
   Summon Butterflies                 Summoning                    1
   Apportation                        Translocation                1
   Blink                              Translocation                2
   Alistair's Intoxication            Transmutation/Poison         4
   Tukima's Dance                     Hexes                        5
 v - a book of Enchantments

   Spells                             Type                      Level
   Cause Fear                         Hexes                        4
   Silence                            Hexes/Air                    5
   Tukima's Dance                     Hexes                        5
   Deflect Missiles                   Charms/Air                   6
   Haste                              Charms                       6
   Discord                            Hexes                        8
Miscellaneous
 I - a legendary deck of war {drawn: 1}
 K - a disc of storms


   Skills:
 + Level 8.3(13.3) Fighting
 - Level 3.0(8.0) Dodging
 + Level 11.2(16.2) Stealth
 * Level 12.0(17.0) Unarmed Combat


You had 9 spell levels left.
You didn't know any spells.

Dungeon Overview and Level Annotations

Branches:
Dungeon (11/16)            Temple (1/1) D:4            Lair (1/8) D:9
    Orc: D:9-12

Altars:
Ashenzari
Cheibriados
Dithmengos
Elyvilon
Fedhas
Kikubaaqudgha
Makhleb
Nemelex Xobeh
Okawaru
Sif Muna
Trog
Vehumet
Xom
Yredelemnul
Zin
the Shining One

Shops:
D:5 (   D:6 }*(

Annotations:
D:3 Purgy
D:8 exclusion: ice statue
D:9 Blork the orc


Innate Abilities, Weirdness & Mutations

You cannot wear most types of armour.
You are amphibious.
You can wear up to eight rings at the same time.
You can use your tentacles to constrict many enemies at once.
Your skin changes colour to match your surroundings (Stlth).
Your rubbery body absorbs attacks (AC +1).
You are partially covered in rugged brown scales (AC +1, +3% HP).
Your vision is a little blurry.
You are clumsy. (Dex -2)


Message History

The four-headed hydra barely misses you.
Drink which item? (? for menu, Esc to quit)
You feel clever all of a sudden.
It was a potion of brilliance.
Your possessions no longer seem quite so burdensome.
The four-headed hydra closely misses you.
The four-headed hydra barely misses you.
The four-headed hydra bites you!
* * * LOW HITPOINT WARNING * * *
The four-headed hydra completely misses you.
Unknown command.
Drink which item? (? for menu, Esc to quit)
You feel much better. The four-headed hydra bites you!
* * * LOW HITPOINT WARNING * * *
The four-headed hydra bites you!
* * * LOW HITPOINT WARNING * * *
The four-headed hydra bites you.
* * * LOW HITPOINT WARNING * * *
The four-headed hydra bites you!
You die...

#####+######
##..........#
#...........#
##..........#
#f..........#
############..........#
........@D............#
##.#f####.##>.........#
. ###.###'f###### #.##
#####..#### ##.P###
##.##.##.### #.......
#..........# ##........
####..........## #
P........#
#..............# #
##........#
#.##..........##


You could see a four-headed hydra.

Vanquished Creatures
  A spriggan (D:9)
  A troll (D:9)
  The ghost of mopl the Sneak, an average OpEn (D:5)
  2 wyverns (D:10)
  4 yaks
  A hungry ghost (D:9)
  4 orc warriors
  A manticore (D:9)
  A porcupine (Lair:1)
  4 phantoms
  An ice beast (D:8)
  A yellow wasp (D:8)
  6 ogres
  2 centaurs
  5 giant frogs
  A water moccasin (D:5)
  4 killer bees (D:8)
  5 hounds
  4 crimson imps
  A goliath beetle (D:10)
  4 jellies
  A gnoll shaman (D:6)
  8 scorpions
  5 orc wizards
  5 iguanas
  9 worker ants
  A killer bee zombie (D:6)
  5 gnolls
  21 adders
  3 giant mites
  An inept feature mimic (D:4)
  A goliath beetle zombie (D:6)
  5 worms
  An adder skeleton (D:8)
  An iguana zombie (D:9)
  An adder zombie (D:6)
  An iguana skeleton (D:4)
  2 giant eyeballs
  4 oozes
  23 orcs
  19 bats
  2 bat skeletons
  A bat zombie (D:6)
  5 giant cockroaches
  21 goblins
  14 hobgoblins
  6 jackals
  A ball python (D:2)
  A giant cockroach zombie (D:6)
  8 giant geckos
  9 giant newts
  A giant newt skeleton (D:4)
  2 giant spores
  A gnoll skeleton (D:5)
  A goblin skeleton (D:4)
  15 kobolds
  A kobold zombie (D:9)
  6 quokkas
  15 rats
  5 ballistomycetes
  A plant (D:4)
287 creatures vanquished.

Notes
Turn   | Place    | Note
--------------------------------------------------------------
     0 | D:1      | Deemzul, the Octopode Monk, began the quest for the Orb.
     0 | D:1      | Reached XP level 1. HP: 16/16 MP: 1/1
    91 | D:1      | Reached XP level 2. HP: 2/21 MP: 2/2
   107 | D:1      | Found a shattered altar of Ashenzari.
   550 | D:1      | Reached XP level 3. HP: 13/26 MP: 3/3
   682 | D:1      | Reached skill level 5 in Unarmed Combat
   944 | D:2      | Reached XP level 4. HP: 17/31 MP: 4/4
  1680 | D:2      | Reached XP level 5. HP: 36/36 MP: 5/5
  1965 | D:3      | Reached skill level 6 in Unarmed Combat
  2245 | D:3      | Found a snail-covered altar of Cheibriados.
  2245 | D:3      | Found a glowing golden altar of the Shining One.
  2246 | D:3      | Found a sparkling altar of Nemelex Xobeh.
  2260 | D:3      | Noticed Purgy
  2446 | D:4      | Reached XP level 6. HP: 12/43 MP: 2/6
  3020 | D:4      | Found a basalt altar of Yredelemnul.
  3096 | D:4      | Noticed an ogre
  3159 | D:4      | Reached skill level 7 in Unarmed Combat
  3265 | D:4      | Reached XP level 7. HP: 20/48 MP: 3/7
  3594 | D:4      | Found a staircase to the Ecumenical Temple.
  3602 | Temple   | Entered the Ecumenical Temple
  3660 | Temple   | Became a worshipper of Warmaster Okawaru
  3660 | Temple   | Acquired Okawaru's first power
  3669 | D:4      | Paralysed by a potion of paralysis for 3 turns
  3672 | D:4      | Gained mutation: You are partially covered in rugged brown scales (AC +1, +3% HP). [potion of mutation]
  3672 | D:4      | Gained mutation: You are clumsy. (Dex -2) [potion of mutation]
  3672 | D:4      | Gained mutation: Your vision is a little blurry. [potion of mutation]
  3817 | D:4      | Found a white marble altar of Elyvilon.
  3817 | D:4      | Found a shattered altar of Ashenzari.
  3870 | D:4      | Reached skill level 5 in Stealth
  3880 | D:4      | Killed an ogre
  3921 | D:5      | Entered Level 5 of the Dungeon
  4021 | D:5      | Noticed mopl's ghost (average OpEn)
  4037 | D:5      | Paralysed by a potion of paralysis for 7 turns
  4100 | D:5      | Killed mopl's ghost
  4167 | D:5      | Found Kuomm's Antique Weapon Shoppe.
  4254 | D:5      | Reached skill level 8 in Unarmed Combat
  4254 | D:5      | Reached XP level 8. HP: 55/55 MP: 8/8
  4301 | D:6      | Found Pnueluq's General Store.
  4497 | D:6      | Reached skill level 5 in Fighting
  5169 | D:6      | Found Debiack's Antique Weapon Emporium.
  5764 | D:5      | Found a burning altar of Makhleb.
  5936 | D:6      | Paralysed by a giant eyeball for 2 turns
  5945 | D:5      | Paralysed by a giant eyeball for 2 turns
  6039 | D:5      | Reached skill level 9 in Unarmed Combat
  6645 | D:6      | Reached XP level 9. HP: 40/63 MP: 2/9
  6855 | D:6      | Found Mietayku's Gadget Emporium.
  7177 | D:6      | Found a shadowy altar of Dithmengos.
  7502 | D:7      | Reached skill level 10 in Unarmed Combat
  7594 | D:6      | Found a basalt altar of Yredelemnul.
  7660 | D:6      | Found a blossoming altar of Fedhas.
  8619 | D:8      | Noticed an ice statue
  8653 | D:8      | Paralysed by a yellow wasp for 1 turns
  8827 | D:8      | Reached skill level 10 in Stealth
  8832 | D:8      | Reached XP level 10. HP: 56/73 MP: 10/10
  8969 | D:8      | Reached skill level 11 in Unarmed Combat
  9291 | D:9      | Noticed Blork the orc
  9292 | D:9      | Noticed a cyclops
  9304 | D:10     | Entered Level 10 of the Dungeon
  9472 | D:10     | Noticed a hill giant
 10197 | D:9      | Noticed a death yak
 10432 | D:9      | Found a staircase to the Lair.
 10449 | Lair:1   | Entered Level 1 of the Lair of Beasts
 10515 | Lair:1   | Reached skill level 12 in Unarmed Combat
 10707 | Lair:1   | Noticed a four-headed hydra
 10729 | Lair:1   | Mangled by a four-headed hydra

Action                   |  1- 3 |  4- 6 |  7- 9 | 10-12 || total
-------------------------+-------+-------+-------+-------++-------
Melee: Unarmed           |    83 |   209 |   366 |   137 ||   795
Throw: Dart              |       |       |    21 |       ||    21
       Stone             |       |       |     7 |       ||     7
       Tomahawk          |       |       |     5 |     2 ||     7
Invok: Heroism           |       |       |    14 |    11 ||    25
Evoke: Wand              |       |       |     1 |     6 ||     7
       disc of storms    |       |       |       |     2 ||     2
       Deck              |       |       |       |     1 ||     1
  Use: Potion            |     1 |     9 |     6 |     3 ||    19
       Scroll            |       |     3 |     9 |     2 ||    14
 Stab: Sleeping          |     8 |    19 |    13 |    13 ||    53
       Held in net/web   |       |     1 |       |       ||     1
       Distracted        |       |       |     2 |     1 ||     3
